 Dungeon Crawl Stone Soup version 0.27.1-1-g398f81649c (webtiles) character file.

Game seed: 11590321592329185094

1745 Destapler the Skirmisher (level 8, -8/69 HPs)
             Began as a Palentonga Fighter on Sept 5, 2021.
             Was an Elder of Fedhas.
             Mangled by an orc warrior (17 damage)
             ... on level 6 of the Dungeon.
             The game lasted 00:17:32 (6233 turns).

Destapler the Skirmisher (Palentonga Fighter)       Turns: 6233, Time: 00:17:34

Health: -8/69      AC: 14    Str: 27    XL:     8   Next: 77%
Magic:  8/8        EV:  6    Int:  9    God:    Fedhas [****..]
Gold:   316        SH: 11    Dex: 16    Spells: 7/7 levels left

rFire    . . .     SeeInvis +   d - +1 hand axe (vamp)
rCold    . . .     Faith    .   c - +0 kite shield
rNeg     . . .     Spirit   .   b - +0 scale mail
rPois    .         Reflect  .   (no helmet)
rElec    .         Harm     .   (no cloak)
rCorr    .         Rampage  .   (no gloves)
Will     .....                  (no barding)
Stlth    ..........             (no amulet)
HPRegen  0.21/turn              r - +6 ring of strength
MPRegen  0.11/turn              x - +6 ring of dexterity

@: curled up
A: large, rugged brown scales 3, see invisible, deformed body, roll 1, armoured
tail, reflexive curl
a: Rolling Charge, Renounce Religion, Wall of Briars, Grow Ballistomycete,
Overgrow


You were on level 6 of the Dungeon.
You worshipped Fedhas.
Fedhas was greatly pleased with you.
You visited 1 branch of the dungeon, and saw 7 of its levels.

You collected 316 gold pieces.

Inventory:

Hand Weapons
 a - a +0 flail
 d - a +1 vampiric hand axe (weapon)
Missiles
 i - 7 boomerangs of dispersal
 o - 12 poisoned darts
 v - 8 boomerangs
 w - 8 atropa-tipped darts
Armour
 b - a +0 scale mail (worn)
 c - a +0 kite shield (worn)
Jewellery
 r - a +6 ring of strength (left hand)
 x - a +6 ring of dexterity (right hand)
Wands
 h - a wand of flame (23)
 s - a wand of charming (13)
Scrolls
 e - 2 scrolls of enchant weapon {unknown}
 g - 8 scrolls of identify {unknown}
 k - a scroll of holy word {unknown}
 m - a scroll of torment {unknown}
 n - a scroll of teleportation {unknown}
 p - 3 scrolls of noise {unknown}
 t - a scroll of vulnerability {unknown}
 u - 3 scrolls of immolation {unknown}
 y - a scroll of fog {unknown}
 z - a scroll of blinking {unknown}
Potions
 f - 2 potions of might
 j - a potion of curing
 l - 3 potions of flight {unknown}
 q - 2 potions of mutation {unknown}


   Skills:
 + Level 6.4 Fighting
 + Level 5.9 Maces & Flails
 + Level 5.3 Armour
 + Level 5.3 Shields


You had 7 spell levels left.
You didn't know any spells.
Your spell library contained the following spells:

 Spells                   Type           Power      Damage    Failure   Level
 Animate Skeleton         Necr           0%         N/A       88%         1
 Apportation              Tloc           0%         N/A       88%         1
 Corona                   Hex            0%         N/A       88%         1
 Pain                     Necr           0%         1d4       88%         1
 Summon Small Mammal      Summ           0%         N/A       88%         1
 Passwall                 Tmut/Erth      0%         N/A       96%         2
 Hailstorm                Conj/Ice       0%         3d3       100%        4
 Leda's Liquefaction      Hex/Erth       0%         N/A       100%        4
 Olgreb's Toxic Radiance  Pois           0%         N/A       100%        4
 Agony                    Necr           0%         N/A       100%        5
 Excruciating Wounds      Necr           0%         N/A       100%        5
 Lee's Rapid Deconstruct  Erth           0%         3d5*      100%        5
 Metabolic Englaciation   Hex/Ice        0%         N/A       100%        5
 Yara's Violent Unravell  Hex/Tmut       0%         3d3       100%        5
 Starburst                Conj/Fire      0%         6d3       100%        6
 Ozocubu's Refrigeration  Ice            0%         4d5       100%        7
 Ignition                 Fire           0%         3d3       100%        8


Dungeon Overview and Level Annotations

Branches:
Dungeon (7/15)             Temple (0/1) D:5

Altars:
Fedhas
Uskayaw
The Shining One

Shops:
D:6 [


Innate Abilities, Weirdness & Mutations

You are completely covered in rugged brown scales. (AC +3, +7% HP)
You have supernaturally acute eyesight. (SInv)
Armour fits poorly on your strangely shaped body.
You can roll at nearby foes to attack.
You have a long armoured tail.
You curl defensively after being hit.


Message History

You kill the hornet!
Fedhas appreciates your contribution to the ecosystem.
You start resting.
You feel a little less mighty now.
You start resting.
HP restored.
You climb upwards.
You block the orc warrior's attack.
The orc wizard gestures wildly while chanting.
The orc wizard flickers and vanishes for a moment.
There is a stone staircase leading down here.
The orc warrior hits you with a +0 glaive!!
The gnoll hits you but does no damage.
The orc warrior hits you with a +0 glaive.
The gnoll hits you with a +0 halberd.
You hit the gnoll.
The gnoll is lightly wounded.
You hit the orc warrior but do no damage.
You block the orc warrior's attack. The gnoll completely misses you.
The orc warrior hits you with a +0 glaive!
You completely miss the gnoll.
The gnoll is lightly wounded.
You hit the orc warrior.
You feel better. The gnoll hits you with a +0 halberd!
* * * LOW HITPOINT WARNING * * *
The orc warrior barely misses you. You block the gnoll's attack.
You hit the orc warrior but do no damage.
Your tail-slap misses the orc warrior.
The orc warrior is lightly wounded.
You hit the gnoll.
You feel better.
The orc warrior hits you with a +0 glaive!
* * * LOW HITPOINT WARNING * * *
The gnoll hits you with a +0 halberd.
* * * LOW HITPOINT WARNING * * *
You hit the orc warrior.
You feel better.
Your tail-slap misses the orc warrior.
The orc warrior is lightly wounded.
You hit the gnoll.
You feel better.
The orc wizard curses noisily.
The orc warrior hits you with a +0 glaive!
You die...
Fedhas appreciates your contribution to the ecosystem.

#.....##.##.................#
########..########.#######.##
#....## #.#<# #.# #.....#
#.#.#####.# #.....#
#.#.......#
#.....#######.#########
#####oo##.............#
#og##.###.#######[# ##o@#.#
#.# #.# ##..#.# #.#######.#
#..>#.# #.........# #.###.#
########### #.# #.# #.# #.#
#.# #.# #.###.### #.......#


You could see an orc warrior, an orc wizard (invisible), a gnoll and 2 orcs.

Vanquished Creatures
  A hornet (D:7)
  Sigmund (D:4)
  Menkaure (D:6)
  Edmund (D:4)
  An orc warrior (D:5)
  2 necrophages
  2 ogres
  A centaur (D:6)
  2 scorpions
  A bullfrog zombie (D:7)
  A jelly (D:3)
  2 orc priests
  A bullfrog skeleton (D:5)
  Terence (D:2)
  3 iguanas
  2 orc wizards
  A hound skeleton (D:4)
  3 gnolls (D:6)
  A howler monkey zombie (D:5)
  6 adders
  A white imp (D:5)
  5 worms
  4 dart slugs
  13 orcs
  6 endoplasms
  2 giant cockroaches
  6 goblins
  6 hobgoblins
  2 quokkas
  5 ball pythons
  8 bats
  3 frilled lizards
  3 kobolds
  6 rats
104 creatures vanquished.

Vanquished Creatures (others)
  6 withered plants (D:1)
6 creatures vanquished.

Grand Total: 110 creatures vanquished

Notes
Turn   | Place    | Note
-------+----------+-------------------------------------------
     0 | D:1      | Destapler the Palentonga Fighter began the quest for the
                  | Orb.
     0 | D:1      | Reached XP level 1. HP: 19/19 MP: 1/1
   169 | D:1      | Found a faded altar of an unknown god.
   198 | D:1      | Became a worshipper of Fedhas Madash
   198 | D:1      | Reached * piety under Fedhas
   345 | D:1      | Reached XP level 2. HP: 25/25 MP: 2/2
   999 | D:2      | Noticed Terence
  1006 | D:2      | Killed Terence
  1007 | D:2      | Reached XP level 3. HP: 18/31 MP: 3/3
  1180 | D:2      | Reached ** piety under Fedhas
  1588 | D:2      | Reached XP level 4. HP: 31/37 MP: 4/4
  2200 | D:3      | Found a glowing golden altar of the Shining One.
  2284 | D:3      | Found a hide-covered altar of Uskayaw.
  2955 | D:3      | Reached XP level 5. HP: 44/44 MP: 5/5
  3036 | D:4      | Noticed an ogre
  3050 | D:4      | Reached skill level 4 in Fighting
  3502 | D:4      | Killed an ogre
  3502 | D:4      | Reached *** piety under Fedhas
  3503 | D:4      | Reached XP level 6. HP: 50/51 MP: 6/6
  3530 | D:4      | Noticed Sigmund
  3540 | D:4      | Killed Sigmund
  4064 | D:4      | Noticed Edmund
  4094 | D:4      | Killed Edmund
  4095 | D:4      | Gained mutation: You curl defensively after being hit.
                  | [Palentonga growth]
  4095 | D:4      | Reached XP level 7. HP: 15/58 MP: 7/7
  4360 | D:4      | Got the Tome of the Dusty Glacier
  4691 | D:5      | Entered Level 5 of the Dungeon
  4806 | D:5      | Reached skill level 5 in Fighting
  5143 | D:5      | Found a staircase to the Ecumenical Temple.
  5539 | D:6      | Reached skill level 5 in Maces & Flails
  5539 | D:6      | Reached XP level 8. HP: 61/67 MP: 8/8
  5610 | D:6      | Got the Tome of Heat and Malediction
  5628 | D:6      | Found Zunynoarch's Antique Armour Shoppe.
  5749 | D:6      | Noticed Menkaure
  6016 | D:6      | Killed Menkaure
  6017 | D:6      | Reached skill level 6 in Fighting
  6017 | D:6      | Reached skill level 5 in Armour
  6017 | D:6      | Reached skill level 5 in Shields
  6052 | D:7      | Reached **** piety under Fedhas
  6060 | D:7      | Noticed a hornet
  6069 | D:7      | Killed a hornet
  6233 | D:6      | Mangled by an orc warrior

Illustrated notes

Levels and vault maps discovered:
D:1:      dpeg_arrival_more_subterranean_lakeside_camping, layout_loops_ring,
          shapermc_ecumenical_altar_flowoftime
D:2:      layout_basic, uniq_terence
D:3:      layout_basic, old_standard_altar,
          nicolae_uskayaw_murder_on_the_dancefloor,
          chequers_serial_rivers_micro_a, kennysheep_generic_room_14
D:4:      layout_layer_cave, minmay_diced_spiral, uniq_edmund, uniq_sigmund
D:5:      layout_rooms, minmay_temple_entry_junction, grunt_decor_mini_mirrors
D:6:      layout_basic, serial_shops, shop, uniq_menkaure
D:7:      layout_cave_pools, nicolae_qazlal_style_of_elements,
          lemuel_round_altar, grunt_ogre_cave, minmay_holes, minivault_22,
          minmay_crystal_water, uniq_harold, uniq_joseph, uniq_maggie

Skill      XL: |  1  2  3  4  5  6  7  8 |
---------------+-------------------------+-----
Shields        | 3 4 5 |  5.3
Maces & Flails | 3 4 5 |  5.9
Armour         | 3 4 5 |  5.3
Fighting       | 4 5 6 |  6.4

Action                   |  1- 3 |  4- 6 |  7- 9 || total
-------------------------+-------+-------+-------++-------
Melee: Flail             |    90 |       |       ||    90
       Tailslap          |     9 |    20 |    30 ||    59
       Hand axe          |    27 |   140 |   114 ||   281
Throw: Dart              |       |     8 |       ||     8
       Boomerang         |       |     1 |       ||     1
 Abil: Rolling Charge    |    26 |    30 |    12 ||    68
  Use: Potion            |     1 |     5 |     3 ||     9
Armor: Scale mail        |    54 |    46 |    53 ||   153
       Skin              |       |     4 |       ||     4
Dodge: Dodged            |    18 |    19 |    35 ||    72
Block: Kite shield       |    46 |    51 |    66 ||   163
